 Dungeon Crawl Stone Soup version 0.30.0-3-ga4e48a9924 (webtiles) character file.

Game seed: 9471747446785269907

48 Sabo the Trooper (level 3, 0/20 HPs)
             Began as a Vine Stalker Fighter on May 7, 2023.
             Was a Follower of Makhleb.
             Slain by Natasha (5 damage)
             ... on level 3 of the Dungeon.
             The game lasted 00:07:58 (1766 turns).

Sabo the Trooper (Vine Stalker Fighter)             Turns: 1766, Time: 00:07:59

Health: 0/20       AC:  7    Str: 20    XL:     3   Next: 72%
Magic:  0/4        EV:  9    Int:  8    God:    Makhleb [*.....]
Gold:   88         SH:  4    Dex: 13    Spells: 2/2 levels left

rFire   + . .        a - +0 war axe
rCold   + . .        c - +0 buckler
rNeg    + . .        b - +0 scale mail
rPois   .            (no helmet)
rElec   .            f - scarf {rC+ rF+}
rCorr   .            (no gloves)
SInv    .            h - +0 pair of boots
Will    .....        p - amulet of regeneration Stlth
                     r - ring of positive energy
HPRegen 1.03/turn    (no ring)
MPRegen 0.09/turn

%: guardian spirit
@: no status effects
A: fangs 2, magic shield, antimagic bite, no potion heal 2
a: Renounce Religion


You were on level 3 of the Dungeon.
You worshipped Makhleb.
Makhleb was aware of your devotion.
You visited 1 branch of the dungeon, and saw 3 of its levels.

You collected 88 gold pieces.

Inventory:

Hand Weapons
 a - a +0 war axe (weapon)
Missiles
 i - 6 poisoned darts
 o - 3 javelins (quivered)
Armour
 b - a +0 scale mail (worn)
 c - a +0 buckler (worn)
 f - a scarf of resistance (worn)
 h - a +0 pair of boots (worn)
Jewellery
 p - an amulet of regeneration (around neck)
 r - a ring of positive energy (left hand)
Scrolls
 g - a scroll of fear
 l - a scroll of enchant weapon
Potions
 d - a potion of might
 e - a potion of haste {unknown}
 j - 2 potions of lignification {unknown}
 k - 2 potions of degeneration {unknown}
 m - 2 potions of cancellation {unknown}
 n - 3 potions of curing {unknown}
 q - 2 potions of brilliance {unknown}


   Skills:
 + Level 3.2 Fighting
 + Level 2.2 Axes
 + Level 2.8 Armour
 + Level 0.2 Dodging
 + Level 3.0 Shields


You had 2 spell levels left.
You didn't know any spells.
Your spell library contained the following spells:

 Spells                   Type           Power      Damage    Failure   Level
 Sublimation of Blood     Necr           0%         N/A       93%         2
 Wereblood                Tmut           0%         N/A       93%         2
 Summon Hydra             Summ           0%         N/A       100%        7


Dungeon Overview and Level Annotations

Branches:
Dungeon (3/15)

Altars:
Fedhas
Makhleb
Wu Jian
Xom

Annotations:
D:3 Natasha


Innate Abilities, Weirdness & Mutations

You have extremely sharp teeth.
When hurt, damage is shared between your health and your magic reserves.
Your bite disrupts and absorbs the magic of your enemies.
Potions cannot restore your health.


Message History

Found 6 poisoned darts.
Found a blossoming altar of Fedhas.
There is an open door here.
Found a shimmering altar of Xom.
You see here 6 poisoned darts.
i - 6 poisoned darts
There is an open door here.
Natasha, Servant of Life and Death comes into view.
Natasha hisses angrily.
Natasha stares at you and mumbles some strange words.
You feel yourself slow down.
You closely miss Natasha. Your bite misses Natasha.
Natasha drinks a potion.
Natasha flickers and vanishes!
Deactivating autopickup; reactivate with Ctrl-A.
Something claws you.
You barely miss something. Your bite misses something.
You hear some strange, mumbled words.
A magic dart appears from out of thin air!
The magic dart hits you. Something claws you but does no damage.
You miss something. You bite something. You drain its magic.
You feel invigorated. Something claws you.
Something claws you but does no damage.
You miss something. Your bite misses something. Something claws you.
Something completely misses you.
You slash something!
You hear some strange, mumbled words.
Something tries to affect you, but you resist.
You hear some strange, mumbled words.
A magic dart appears from out of thin air!
The magic dart hits you. Something claws you.
You barely miss something. You bite something.
You hear some strange, mumbled words.
A magic dart appears from out of thin air!
The magic dart hits you. Something claws you.
You miss something. Something claws you. x2
You closely miss something.
You feel yourself speed up. Something claws you.
* * * LOW HITPOINT WARNING * * *
Something claws you.
You die...

# ####.# #@{..#
##.##.# ##...## #
##.....##
#.##.......########
#......_..........#
#.##.......######.#
#..##.....## #.# #.
##)..## #.#


There were no monsters in sight!

Vanquished Creatures
  A worm (D:3)
  A dart slug (D:1)
  4 endoplasms
  2 giant cockroaches (D:2)
  8 goblins
  A hobgoblin (D:2)
  4 jackals (D:1)
  2 quokkas (D:1)
  5 ball pythons
  A bat (D:1)
  2 frilled lizards (D:1)
  4 kobolds
  3 rats
38 creatures vanquished.

Notes
Turn   | Place    | Note
-------+----------+-------------------------------------------
     0 | D:1      | Sabo the Vine Stalker Fighter began the quest for the Orb.
     0 | D:1      | Reached XP level 1. HP: 11/11 MP: 2/2
    67 | D:1      | Reached XP level 2. HP: 13/16 MP: 1/3
   314 | D:1      | Found a faded altar of an unknown god.
   446 | D:1      | Reached XP level 3. HP: 19/20 MP: 4/4
   461 | D:1      | Prayed at the altar of an unknown god.
   461 | D:1      | Became a worshipper of Makhleb the Destroyer
   461 | D:1      | Reached * piety under Makhleb
  1667 | D:3      | Found an ornate altar of the Wu Jian Council.
  1713 | D:3      | Found a blossoming altar of Fedhas.
  1713 | D:3      | Found a shimmering altar of Xom.
  1757 | D:3      | Noticed Natasha
  1766 | D:3      | Slain by Natasha

Illustrated notes

Levels and vault maps discovered:
D:1:      lemuel_arrival_behind_the_door_small, layout_loops_ring,
          hellmonk_ecumenical_altar_run_dry
D:2:      layout_loops_ring
D:3:      kennysheep_goblin_castle, layout_loops_ring,
          mainiacjoe_overflow_divided_tiny, lemuel_round_altar, serial_shops,
          nicolae_shop_tiny_real_fake_doors, uniq_natasha

Skill      XL: |  1  2  3 |
---------------+----------+-----
Axes           | 2 |  2.2
Fighting       | 3 |  3.2
Shields        | 3 |  3.0
Armour         | |  2.8
Dodging        | |  0.2

Action                     || total
---------------------------++-------
  Melee: War axe           ||    84
         Bite              ||    15
    Use: Scroll            ||     2
 Armour: Scale mail        ||    43
  Dodge: Dodged            ||    37
  Block: Buckler           ||    13
